 Seeded DCSS version 0.28-a0-1002-gf00fe891ef (webtiles) character file.

Game seed: 20211212 (custom seed)

686 a11behringer the Cleaver (level 7, 0/61 HPs)
             Began as a Minotaur Berserker on Dec 7, 2021.
             Was a Believer of Trog.
             Succumbed to a scorpion's poison
             ... on level 4 of the Dungeon.
             The game lasted 00:08:58 (3973 turns).

a11behringer the Cleaver (Minotaur Berserker)       Turns: 3973, Time: 00:08:59

Health: 0/61       AC: 10    Str: 24    XL:     7   Next: 35%
Magic:  6/6        EV:  9    Int:  4    God:    Trog [**....]
Gold:   193        SH:  0    Dex:  9    Spells: 6/6 levels left

rFire   . . .      SeeInvis .   a - +0 hand axe
rCold   + . .      Faith    .   (no shield)
rNeg    . . .      Spirit   .   D - +0 chain mail
rPois   .          Reflect  .   (helmet restricted)
rElec   .          Harm     .   (no cloak)
rCorr   .          Rampage  .   p - +0 pair of gloves
Will    ++...                   (no boots)
Stlth   ..........              (no amulet)
HPRegen 1.20/turn               i - ring of protection from cold
MPRegen 0.10/turn               (no ring)

@: lethally poisoned (0 -> -4), strong-willed, regenerating
A: horns 2, retaliatory headbutt
a: Renounce Religion, Berserk, Trog's Hand


You were on level 4 of the Dungeon.
You worshipped Trog.
Trog was pleased with you.
You visited 1 branch of the dungeon, and saw 4 of its levels.
You also visited: Sewer.

You collected 193 gold pieces.

Inventory:

Hand Weapons
 a - a +0 hand axe (weapon)
 c - a +0 hunting sling
 v - a +0 hand crossbow
Missiles
 e - 6 boomerangs of dispersal (quivered)
 w - 30 bolts
 A - 25 arrows
Armour
 b - a +0 animal skin
 g - a +0 leather armour
 o - a +2 robe of cold resistance
 p - a +0 pair of gloves (worn)
 D - a +0 chain mail (worn)
Jewellery
 i - a ring of protection from cold (left hand)
Wands
 n - a wand of flame (25)
 y - a wand of polymorph (5)
 B - a wand of iceblast (10)
Scrolls
 d - a scroll of acquirement {unknown}
 j - 3 scrolls of fog {unknown}
 k - 2 scrolls of noise {unknown}
 l - 4 scrolls of identify {unknown}
 m - 2 scrolls of immolation {unknown}
 q - a scroll of torment {unknown}
 s - a scroll of fear {unknown}
 u - 2 scrolls of blinking {unknown}
 x - a scroll of enchant weapon {unknown}
 C - a scroll of teleportation {unknown}
Potions
 f - 3 potions of cancellation {unknown}
 h - 2 potions of brilliance {unknown}
 r - a potion of mutation {unknown}
 t - a potion of heal wounds {unknown}
 z - a potion of ambrosia {unknown}


   Skills:
 + Level 5.2 Fighting
 * Level 8.5 Axes
 + Level 4.1 Armour
 + Level 3.3 Dodging
 + Level 0.8 Unarmed Combat


You had 6 spell levels left.
You didn't know any spells.
Your spell library was empty.

Dungeon Overview and Level Annotations

Branches:
Dungeon (4/15)              Sewer (visited)
 Temple: D:4-7

Altars:

Shops:
D:2 *


Innate Abilities, Weirdness & Mutations

You have a pair of horns on your head.
You reflexively headbutt those who attack you in melee.


Message History

You are more poisoned.
The scorpion poisons you!
You hit the scorpion.
The scorpion is severely wounded.
You feel very sick. The scorpion stings you.
You barely miss the scorpion.
The scorpion is severely wounded.
You feel very sick. The scorpion closely misses you. The scorpion stings you!
You are lethally poisoned!
The scorpion poisons you!
You are too injured to fight recklessly!
You are too injured to fight recklessly!
You are too injured to fight recklessly!
You are too injured to fight recklessly!
You closely miss the scorpion. You headbutt the scorpion.
The scorpion is almost dead.
* * * LOW HITPOINT WARNING * * *
You feel very sick.
You hit the scorpion but do no damage.
The scorpion is almost dead.
* * * LOW HITPOINT WARNING * * *
You feel very sick. The scorpion barely misses you.
Your skin crawls.
You feel strong-willed.
You feel very sick. The scorpion stings you!
* * * LOW HITPOINT WARNING * * *
The scorpion barely misses you.
You hit the scorpion but do no damage.
The scorpion is almost dead.
* * * LOW HITPOINT WARNING * * *
You feel very sick. The scorpion completely misses you.
You hit the scorpion.
You kill the scorpion!
Trog accepts your kill.
You die...

.. #####.###
##...#... .......
..... ... #.#
########.
#@###........
#...#........
+...#........
#...'.......######
#...#.......#.....
########.......#.....
#..............#.....
#..............#.....
#..............#...>.


There were no monsters in sight!

Vanquished Creatures
  Sigmund (D:2)
  An ogre (D:4)
  2 kobold brigands (Sewer)
  3 scorpions (D:4)
  A hound (D:4)
  Ijyb (D:3)
  6 adders
  5 worms
  A dart slug (D:2)
  12 endoplasms
  4 giant cockroaches
  6 goblins
  5 hobgoblins
  2 jackals (D:4)
  9 kobolds
  8 ball pythons
  2 bats (D:2)
  A frilled lizard (D:1)
  8 rats
78 creatures vanquished.

Notes
Turn   | Place    | Note
-------+----------+-------------------------------------------
     0 | D:1      | a11behringer the Minotaur Berserker began the quest for the
                  | Orb.
     0 | D:1      | Reached XP level 1. HP: 19/19 MP: 0/0
   187 | D:1      | You fall into a shaft and drop 1 floor!
   206 | D:2      | Found Ruywnya's Assorted Antiques.
   232 | D:2      | Reached skill level 4 in Axes
   373 | D:2      | Reached XP level 2. HP: 22/27 MP: 1/1
   697 | D:1      | Reached ** piety under Trog
   766 | D:1      | Reached XP level 3. HP: 33/33 MP: 2/2
  1437 | D:2      | Noticed Sigmund
  1448 | D:2      | Killed Sigmund
  1449 | D:2      | Reached skill level 6 in Axes
  1449 | D:2      | Reached XP level 4. HP: 41/41 MP: 3/3
  1449 | D:2      | Reached XP level 5. HP: 47/47 MP: 4/4
  1768 | D:3      | Found a glowing drain.
  1785 | Sewer    | Entered a sewer
  2219 | Sewer    | Reached XP level 6. HP: 18/55 MP: 5/5
  2223 | Sewer    | Reached skill level 5 in Fighting
  2223 | Sewer    | Reached skill level 7 in Axes
  3013 | D:3      | Noticed Ijyb
  3035 | D:3      | Killed Ijyb
  3228 | D:3      | Found a faded altar of an unknown god.
  3355 | D:4      | Reached XP level 7. HP: 33/61 MP: 6/6
  3356 | D:4      | Reached skill level 8 in Axes
  3972 | D:4      | HP: 2/61 [poisoned by a scorpion]
  3973 | D:4      | Succumbed to a scorpion's poison

Illustrated notes

Levels and vault maps discovered:
D:1:      saegor_arrival_simple_c, layout_loops_cross, serial_bayou_pond_e,
          minmay_split_cup_small
D:2:      layout_loops_ring, serial_shops, shop, minivault_27,
          grunt_ministairs_10, amcnicky_mini_pool_small, uniq_sigmund
D:3:      layout_basic, shapermc_ecumenical_altar_hornbeckon,
          cheibrodos_sewer_entry_bend, uniq_ijyb
D:4:      layout_gridville, serial_shops, shop, minmay_crossroads, uniq_pikel

Skill      XL: |  1  2  3  4  5  6  7 |
---------------+----------------------+-----
Axes           | 4 6 7 8 |  8.5
Fighting       | 4 5 |  5.2
Armour         | 3 4 |  4.1
Dodging        | 3 |  3.3
Unarmed Combat | |  0.8

Action                   |  1- 3 |  4- 6 |  7- 9 || total
-------------------------+-------+-------+-------++-------
Melee: Hand axe          |    60 |    98 |    38 ||   196
       Headbutt          |     6 |    16 |     7 ||    29
       Unarmed           |       |     9 |       ||     9
Invok: Berserk           |     1 |     2 |       ||     3
       Trog's Hand       |     1 |     1 |     1 ||     3
Armor: Animal skin       |     3 |       |       ||     3
       Leather armour    |    17 |    23 |     5 ||    45
       Chain mail        |       |       |     2 ||     2
Dodge: Dodged            |    33 |    42 |    22 ||    97

Table legend: (Time is in decaauts)
 A = Elapsed time spent in this place.
 B = Non-inter-level travel time spent in this place.
 C = Inter-level travel time spent in this place.
 D = Time resting spent in this place.
 E = Time spent auto-exploring this place.
 F = Levels seen in this place.
 G = Mean time per level.
                   A        B        C        D        E       F      G
               +--------+--------+--------+--------+--------+-----+--------+
         Total |   4118 |   3866 |    252 |      0 |   3189 |   5 |  823.6 |
       Dungeon |   3124 |   2872 |    252 |      0 |   2444 |   4 |  781.0 |
         Sewer |    993 |    993 |      0 |      0 |    745 |   1 |  993.0 |
               +--------+--------+--------+--------+--------+-----+--------+

Top non-repeatable levels by time:
     D:3: 994 daAuts
   Sewer: 993 daAuts
     D:2: 940 daAuts
     D:1: 776 daAuts
     D:4: 412 daAuts
